 Dungeon Crawl Stone Soup version 0.18-a0-1164-g7046a04 (webtiles) character file.

2039 Trivium the Shield-Bearer (level 9, 0/69 HPs)
             Began as a Demonspawn Fighter on Jan 26, 2016.
             Was a Priest of Okawaru.
             Succumbed to a killer bee's poison
             ... on level 8 of the Dungeon.
             The game lasted 00:16:02 (6821 turns).

Trivium the Shield-Bearer (Demonspawn Fighter)      Turns: 6821, Time: 00:16:03

Health: 0/69       AC: 21    Str: 17    XL:     9   Next: 4%
Magic:  12/12      EV:  3    Int:  9    God:    Okawaru [***...]
Gold:   360        SH: 10    Dex: 12    Spells: 0 memorised, 8 levels left

rFire  + . .     SeeInvis .     a - +1 trident (pierce)
rCold  . . .     Gourm    .     j - +1 crystal plate armour
rNeg   . . .     Faith    .     c - +0 shield
rPois  .         Spirit   .     (no helmet)
rElec  .         Dismiss  .     d - +0 cloak
rCorr  .         Reflect  .     (no gloves)
SustAt .         Harm     .     (no boots)
MR     .....                    (no amulet)
Stlth  ..........               g - ring of protection from fire
                                p - +3 ring of evasion

@: lethally poisoned (0 -> -4), studying Staves, not resistant to hostile
enchantments, extremely unstealthy
A: yellow scales 1, deterioration 1, dopey 1, powered by death 1, powered by
pain 2, weak 1
a: Heroism, Renounce Religion


You were on level 8 of the Dungeon.
You worshipped Okawaru.
Okawaru was most pleased with you.
You were near starving.

You visited 1 branch of the dungeon, and saw 8 of its levels.

You collected 360 gold pieces.

Inventory:

Hand Weapons
 a - a +1 trident of piercing (weapon)
Missiles
 h - 2 throwing nets (quivered)
Armour
 c - a +0 shield (worn)
 d - a +0 cloak (worn)
 j - a +1 crystal plate armour (worn)
 k - a +0 chain mail
Jewellery
 e - an uncursed ring of resist corrosion
 g - a ring of protection from fire (right hand)
 p - a +3 ring of evasion (left hand)
Wands
 v - a wand of confusion (1/48)
 x - a wand of enslavement (14/24)
Scrolls
 b - a scroll of immolation
 o - 2 scrolls of recharging {unknown}
 q - a scroll of amnesia
 u - 5 scrolls of identify
 A - a scroll of remove curse
Potions
 i - 2 potions of poison
 n - a potion of brilliance
Books
 m - a book of Envenomations

   Spells                             Type                      Level
   a - Spider Form                    Transmutation/Poison         3
   b - Olgreb's Toxic Radiance        Poison                       4
   c - Alistair's Intoxication        Transmutation/Poison         5
   d - Poisonous Cloud                Conjuration/Poison/Air       6
 s - a book of Spatial Translocations

   Spells                             Type                      Level
   a - Apportation                    Translocation                1
   b - Blink                          Translocation                2
   c - Shroud of Golubria             Charms/Translocation         2
   d - Portal Projectile              Translocation                3
   e - Teleport Other                 Translocation                3
   f - Passage of Golubria            Translocation                4
 y - a manual of Staves
Comestibles
 f - 4 bread rations
 l - 4 fruits
 t - 2 meat rations
 w - a slice of pizza
 z - a beef jerky


   Skills:
 + Level 5.8 Fighting
 + Level 4.7 Polearms
 + Level 5.3 Armour
 + Level 2.6 Dodging
 + Level 1.1 Stealth
 + Level 6.1 Shields
 * Level 4.7 Invocations
 + Level 0.6 Evocations


You had 8 spell levels left.
You didn't know any spells.

Dungeon Overview and Level Annotations

Branches:
Dungeon (8/15)
 Temple: D:4-7         Lair: D:8-11

Altars:
Dithmenos
Gozag
Okawaru
Ru
Xom

Shops:
D:5 (

Annotations:
D:4 slayr's ghost, amateur HOFi


Innate Abilities, Weirdness & Mutations

You are partially covered in yellow scales (AC +2).
You regenerate a little health from kills.
You sometimes gain power by taking damage.
Your body sometimes deteriorates upon taking damage.
You are dopey. (Int -2)
You are weak. (Str -2)


Message History

Unknown command.
Unknown command.
* * * LOW HITPOINT WARNING * * *
You feel sick.
* * * LOW HITPOINT WARNING * * *
You feel sick.
* * * LOW HITPOINT WARNING * * *
You feel sick.
Drink which item? (? for menu, Esc to quit)
Okay, then.
Drink which item? (? for menu, Esc to quit)
Okay, then.
You are too injured to fight recklessly!
* * * LOW HITPOINT WARNING * * *
You feel sick.
* * * LOW HITPOINT WARNING * * *
You feel sick.
* * * LOW HITPOINT WARNING * * *
You feel sick.
You die...

#.#######.#.#.##
###.# #.....##
#...# ###.###.
#.### #...#.# #.#
#.....# #.#
#...#.# #.#
######. #.# ## #@#
##### #.# #....
#.# #.### ###.###
#.# #.....# #.#
#.....##########.#
#................#
#.....############
#.....#


There were no monsters in sight!

Vanquished Creatures
  A two-headed ogre (D:8)
  A wyvern (D:7)
  An ogre (D:7)
  2 centaurs
  A big kobold (D:8)
  3 giant frogs
  A killer bee (D:8)
  2 crimson imps
  A centaur zombie (D:7)
  A quasit (D:8)
  An orc priest (D:8)
  3 hounds
  A jelly (D:6)
  Crazy Yiuf (D:2)
  6 orc wizards
  Jessica (D:3)
  Ijyb (D:3)
  An iguana (D:7)
  10 worker ants
  4 worker ant zombies
  7 gnolls
  7 adders
  3 shadow imps
  An adder skeleton (D:7)
  2 worms
  2 giant geckos
  24 orcs
  A ball python (D:2)
  7 bats
  5 giant cockroaches
  13 goblins
  8 hobgoblins
  18 jackals
  15 kobolds
  2 quokkas (D:5)
  9 giant newts
  8 rats
175 creatures vanquished.

Notes
Turn   | Place    | Note
--------------------------------------------------------------
     0 | D:1      | Trivium the Demonspawn Fighter began the quest for the Orb.
     0 | D:1      | Reached XP level 1. HP: 18/18 MP: 1/1
   158 | D:1      | Gained mutation: You regenerate a little health from kills. [demonic ancestry]
   158 | D:1      | Reached XP level 2. HP: 21/24 MP: 2/2
   962 | D:2      | Gained mutation: You sometimes gain a little power by taking damage. [demonic ancestry]
   962 | D:2      | Reached XP level 3. HP: 27/29 MP: 3/3
  1035 | D:2      | Noticed Crazy Yiuf
  1042 | D:2      | Killed Crazy Yiuf
  1042 | D:2      | Reached XP level 4. HP: 35/35 MP: 4/4
  1227 | D:2      | Found an iron altar of Okawaru.
  1235 | D:2      | Became a worshipper of Warmaster Okawaru
  1449 | D:2      | Found an opulent altar of Gozag.
  1462 | D:2      | Found a shimmering altar of Xom.
  1465 | D:2      | Found an iron altar of Okawaru.
  1639 | D:3      | Noticed Ijyb
  1667 | D:3      | Reached skill level 1 in Dodging
  1675 | D:3      | Killed Ijyb
  1714 | D:3      | Reached XP level 5. HP: 41/41 MP: 5/5
  1822 | D:3      | Noticed Jessica
  1833 | D:3      | Killed Jessica
  2180 | D:4      | Noticed slayr's ghost (amateur HOFi)
  2278 | D:5      | Entered Level 5 of the Dungeon
  3026 | D:5      | Noticed a centaur
  3048 | D:5      | Gained mutation: You sometimes gain power by taking damage. [demonic ancestry]
  3048 | D:5      | Reached XP level 6. HP: 28/48 MP: 6/6
  3056 | D:5      | Reached * piety under Okawaru
  3163 | D:5      | Reached skill level 4 in Fighting
  3174 | D:5      | Found a sacrificial altar of Ru.
  3307 | D:5      | Gained mutation: Your body sometimes deteriorates upon taking damage. [potion of mutation]
  3307 | D:5      | Gained mutation: You are weak. (Str -2) [potion of mutation]
  3307 | D:5      | Gained mutation: You are dopey. (Int -2) [potion of mutation]
  3337 | D:5      | Found Ekhlaj's Weapon Emporium.
  3627 | D:6      | Found a shimmering altar of Xom.
  3733 | D:6      | Found a shadowy altar of Dithmenos.
  3877 | D:6      | Reached XP level 7. HP: 47/54 MP: 7/7
  4043 | D:6      | Reached ** piety under Okawaru
  4618 | D:7      | Reached skill level 1 in Invocations
  4632 | D:7      | Noticed a wyvern
  4674 | D:7      | Killed a wyvern
  4674 | D:7      | Reached skill level 5 in Fighting
  4674 | D:7      | Reached skill level 5 in Shields
  4674 | D:7      | Gained mutation: You are partially covered in yellow scales (AC +2). [demonic ancestry]
  4674 | D:7      | Reached XP level 8. HP: 42/62 MP: 7/9
  4880 | D:7      | Reached skill level 1 in Stealth
  5458 | D:7      | Reached skill level 5 in Armour
  5510 | D:7      | Reached *** piety under Okawaru
  6387 | D:8      | Reached skill level 6 in Shields
  6468 | D:8      | Noticed a two-headed ogre
  6477 | D:8      | Killed a two-headed ogre
  6477 | D:8      | Reached XP level 9. HP: 8/69 MP: 12/12
  6815 | D:8      | HP: 3/69 [poisoned by a killer bee]
  6818 | D:8      | HP: 1/69 [poisoned by a killer bee]
  6821 | D:8      | Succumbed to a killer bee's poison

Vault maps used:
D:1:      saegor_arrival_simple_e, st_stairs_7
D:2:      minmay_overflow_temple_star_quad, kennysheep_okawaru_gauntlet,
          uniq_crazy_yiuf_cottage
D:3:      first_bread, uniq_iyjb, uniq_jessica
D:4:      minmay_temple_entry_trees
D:5:      serial_shops, kennysheep_little_box, basic_altar
D:6:      nicolae_dithmenos_the_darkroom, xom_teletrap_fun
D:7:      serial_co_window_serial, co_window_paths_a, co_window_paths_a,
          co_window_paths_b, co_window_paths_a, co_window_of_opportunity_a,
          co_window_corner_ca, co_window_cross_4, co_window_broadway_c,
          co_window_corner_cb, co_window_corner_b, co_window_4corner_a,
          co_window_4corner_b, glass_columns_b, glass_columns_a, glass_columns_a

Action                   |  1- 3 |  4- 6 |  7- 9 || total
-------------------------+-------+-------+-------++-------
Melee: Trident           |    97 |   440 |   632 ||  1169
Evoke: Wand              |       |       |     6 ||     6
  Use: Scroll            |     3 |    12 |     5 ||    20
       Potion            |     1 |     2 |     2 ||     5
 Stab: Confused          |       |       |     3 ||     3
  Eat: Chunk             |       |    11 |       ||    11
       Pizza             |       |       |     3 ||     3
       Bread ration      |       |       |     1 ||     1
